 Dungeon Crawl Stone Soup version 0.24-a0-715-g0b739ee41d (webtiles) character file.

Game seed: 11724548482330199665, levelgen mode: deterministic

1589569 YannR the Slayer (level 27, 164/164 HPs)
             Began as a Gargoyle Summoner on Sept 29, 2019.
             Was an Initiate of Gozag.
             Escaped with the Orb
             ... and 3 runes on Sept 30, 2019!
             The game lasted 03:39:02 (76199 turns).

YannR the Slayer (Gargoyle Summoner)               Turns: 76199, Time: 03:39:03

Health: 164/164    AC: 52    Str: 18      XL:     27
Magic:  41/41      EV: 29    Int: 26 (28) God:    Gozag
Gold:   4301       SH: 27    Dex: 19 (20) Spells: 4/55 levels left

rFire    + . .     SeeInvis .   (no weapon)
rCold    + . .     Gourm    .   J - +5 shield {AC+3}
rNeg     + + .     Faith    .   S - quicksilver dragon scales
rPois    ∞         Spirit   .   n - +0 helmet of Wrong Decisions {rC+}
rElec    +         Reflect  +   H - +2 cloak of Kaorch {rElec rF+ Stlth-}
rCorr    .         Harm     .   R - +2 pair of gloves of Ovuteukk {+Inv rN+ Stlth-}
MR       +++..                  r - +2 pair of boots {Stlth+}
Stlth    ..........             t - brooch of Shielding {Reflect SH+8}
HPRegen  0.77/turn              L - ring "Leuroanna" {Int+5 Dex+10}
MPRegen  0.27/turn              G - ring of Phasing {EV+8}

@: flying, deflect missiles
A: big wings, yellow scales 1, blurry vision 2, frail 1, negative energy
resistance 1, regeneration 1, electricity resistance, wild magic 1, unbreathing,
petrification resistance, rot immunity, AC +20
0: Orb of Zot
}: 3/15 runes: serpentine, barnacled, slimy
a: Stop Flying, Potion Petition, Call Merchant, Bribe Branch, Renounce Religion,
Evoke Invisibility


You escaped.
You worshipped Gozag.
Gozag was most pleased with you.
You were not hungry.

You visited 12 branches of the dungeon, and saw 57 of its levels.
You visited 1 bazaar.
You also visited: Bailey, Gauntlet and Ice Cave.

You collected 31664 gold pieces.
You spent 12243 gold pieces at shops.
You paid 15120 gold pieces to Gozag.

Inventory:

Hand Weapons
 i - the +8 demon blade "Leech" {vamp, rN+ AC-3 EV-3}
   (You took it off a frost giant in an ice cave)

   It inflicts no extra harm, but heals its wielder when it wounds a living foe.
   It affects your AC (-3).
   It affects your evasion (-3).
   It protects you from negative energy.
 y - a +9 demon blade of freezing
Missiles
 j - 30 curare-tipped darts (quivered)
Armour
 n - the +0 helmet of Wrong Decisions (worn) {rC+}
   (You found it on level 4 of the Dungeon)

   It protects you from cold.
 r - a +2 pair of boots of stealth (worn)
 H - the +2 cloak of Kaorch (worn) {rElec rF+ Stlth-}
   (You found it on level 2 of the Elven Halls)

   It protects you from fire.
   It insulates you from electricity.
   It makes you less stealthy.
 J - a +5 shield of protection (worn)
 R - the +2 pair of gloves of Ovuteukk (worn) {+Inv rN+ Stlth-}
   (You bought it in a shop on level 5 of the Depths)

   It protects you from negative energy.
   It lets you turn invisible.
   It makes you less stealthy.
 S - quicksilver dragon scales (worn)
Jewellery
 g - an uncursed ring of protection from magic
 p - an uncursed ring of see invisible
 t - the brooch of Shielding (around neck) {Reflect SH+8}
   (You bought it in a shop on level 5 of the Lair of Beasts)

   [amulet of reflection]

   It shields you and reflects attacks.
   It affects your SH (+8).
 x - the ring of Absolutism {+Fly rF+ rC+ Int+5}
   (You found it on level 2 of the Depths)

   [ring of flight]

   It affects your intelligence (+5).
   It protects you from fire.
   It protects you from cold.
   It lets you fly.
 G - the ring of Phasing (right hand) {EV+8}
   (You found it on level 6 of the Lair of Beasts)

   [ring of evasion]

   It affects your evasion (+8).
 L - the ring "Leuroanna" (left hand) {Int+5 Dex+10}
   (You bought it in a shop on level 1 of the Snake Pit)

   [ring of intelligence]

   It affects your intelligence (+5).
   It affects your dexterity (+10).
Wands
 e - a wand of iceblast (74)
 m - a wand of digging (10)
 C - a wand of acid (7)
Scrolls
 b - 30 scrolls of remove curse
 f - 2 scrolls of magic mapping
 h - 6 scrolls of fog
 l - 3 scrolls of identify
 s - 24 scrolls of teleportation
 v - 6 scrolls of enchant armour
 I - 2 scrolls of amnesia
 P - 4 scrolls of immolation
 Q - a scroll of enchant weapon
 T - 4 scrolls of blinking
 U - 10 scrolls of fear
 V - a scroll of holy word
 Z - 3 scrolls of silence
Potions
 a - a potion of berserk rage
 k - 15 potions of curing
 o - 7 potions of heal wounds
 q - 3 potions of invisibility
 u - 4 potions of magic
 z - 11 potions of lignification
 A - 3 potions of mutation
 B - 6 potions of might
 D - 7 potions of haste
 E - 5 potions of ambrosia
 K - 2 potions of resistance
 M - 5 potions of brilliance
 N - 5 potions of agility
 Y - 6 potions of cancellation
Miscellaneous
 W - a lamp of fire
Comestibles
 c - 6 rations


   Skills:
 + Level 21.4 Fighting
 - Level 14.0 Long Blades
   Level 4.1 Maces & Flails
   Level 8.9 Polearms
 - Level 12.5 Armour
 + Level 13.3 Dodging
 - Level 2.1 Stealth
 - Level 15.0 Shields
 + Level 14.6 Spellcasting
 - Level 7.6 Hexes
 - Level 10.0 Charms
 * Level 20.3 Summonings
 - Level 7.4 Translocations
 - Level 9.1 Air Magic


You had 4 spell levels left.
You knew the following spells:

 Your Spells              Type           Power        Failure   Level  Hunger
a - Shadow Creatures      Summ           N/A          1%          6    ####...
b - Deflect Missiles      Chrm/Air       ######....   19%         6    ####...
c - Dragon's Call         Summ           ########..   78%         9    #######
d - Malign Gateway        Summ/Tloc      #######...   17%         7    ######.
e - Blink                 Tloc           N/A          1%          2    None
g - Summon Butterflies    Summ           ########     1%          1    None
h - Summon Mana Viper     Hex/Summ       #######.     1%          5    #......
i - Summon Horrible Thin  Summ           ########..   11%         8    #######
j - Monstrous Menagerie   Summ           ########..   1%          7    ######.

Your spell library contained the following spells:

 Spells                   Type           Power        Failure   Level  Hunger
 Apportation              Tloc           ######       1%          1    None
 Confusing Touch          Hex            ######       1%          1    None
 Corona                   Hex            ######.      1%          1    None
 Shock                    Conj/Air       ####         1%          1    None
 Summon Small Mammal      Summ           ####         1%          1    None
 Call Imp                 Summ           ########     1%          2    None
 Shroud of Golubria       Chrm/Tloc      ######       1%          2    None
 Slow                     Hex            ######..     1%          2    None
 Call Canine Familiar     Summ           ########     1%          3    None
 Confuse                  Hex            ######..     1%          3    None
 Gell's Gravitas          Tloc           ######....   1%          3    None
 Lesser Beckoning         Tloc           ######....   1%          3    None
 Portal Projectile        Hex/Tloc       ######       1%          3    None
 Recall                   Summ/Tloc      N/A          1%          3    None
 Spectral Weapon          Hex/Chrm       ######..     1%          3    None
 Summon Guardian Golem    Hex/Summ       #######.     1%          3    None
 Teleport Other           Tloc           ######..     1%          3    None
 Tukima's Dance           Hex            ######..     1%          3    None
 Summon Ice Beast         Ice/Summ       #######.     1%          4    None
 Summon Lightning Spire   Summ/Air       #######.     1%          4    None
 Ensorcelled Hibernation  Hex/Ice        ######       2%          2    None
 Poisonous Vapours        Pois/Air       ######       2%          2    None
 Regeneration             Chrm/Necr      ######....   3%          3    None
 Static Discharge         Conj/Air       ######..     3%          3    None
 Cause Fear               Hex            ######....   3%          4    None
 Dazzling Spray           Conj/Hex       ######       4%          3    None
 Inner Flame              Hex/Fire       ######..     4%          3    None
 Mephitic Cloud           Conj/Pois/Air  #####...     6%          3    None
 Animate Skeleton         Necr           N/A          7%          1    None
 Beastly Appendage        Tmut           ###...       7%          1    None
 Flame Tongue             Conj/Fire      ###..        7%          1    None
 Magic Dart               Conj           ###.         7%          1    None
 Pain                     Necr           ###.         7%          1    None
 Sandblast                Erth           ###...       7%          1    None
 Sting                    Conj/Pois      ###.         7%          1    None
 Passwall                 Tmut/Erth      ###.....     11%         2    None
 Searing Ray              Conj           ###...       11%         2    None
 Sticks to Snakes         Tmut           ###.....     11%         2    None
 Throw Flame              Conj/Fire      ###...       11%         2    None
 Fulminant Prism          Conj/Hex       ######....   13%         4    None
 Force Lance              Conj/Tloc      ######..     14%         4    None
 Conjure Flame            Conj/Fire      ###.....     19%         3    None
 Ignite Poison            Fire/Tmut/Pois ###.....     19%         3    None
 Spider Form              Tmut/Pois      ###.......   19%         3    None
 Stone Arrow              Conj/Erth      ###...       19%         3    None
 Vampiric Draining        Necr           ###.......   19%         3    None
 Animate Dead             Necr           N/A          50%         4    None
 Ice Form                 Ice/Tmut       ###.....     50%         4    None
 Iskenderun's Mystic Bla  Conj           ###.....     50%         4    None
 Olgreb's Toxic Radiance  Pois           ###.....     50%         4    None
 Petrify                  Tmut/Erth      ###.....     50%         4    None
 Sticky Flame             Conj/Fire      ###.....     50%         4    None
 Summon Demon             Summ           ########..   1%          5    #......
 Summon Greater Demon     Summ           ########..   1%          7    ######.
 Summon Hydra             Summ           ########..   1%          7    ######.
 Silence                  Hex/Air        ######....   6%          5    #......
 Iskenderun's Battlesphe  Conj/Chrm      ######..     22%         5    #......
 Lightning Bolt           Conj/Air       ######....   26%         5    #......
 Metabolic Englaciation   Hex/Ice        ######....   34%         5    #......
 Yara's Violent Unravell  Hex/Tmut       ######....   34%         5    #......
 Darkness                 Hex            ######....   36%         6    ####...
 Invisibility             Hex            ######..     36%         6    ####...
 Dispersal                Tloc           ######....   38%         6    ####...
 Spellforged Servitor     Conj/Summ      #######...   58%         7    ######.
 Conjure Ball Lightning   Conj/Air       ######....   78%         6    ####...
 Alistair's Intoxication  Tmut/Pois      ###.....     83%         5    #......
 Blade Hands              Tmut           ###.......   83%         5    #......
 Bolt of Draining         Conj/Necr      ###.......   83%         5    #......
 Bolt of Magma            Conj/Fire/Erth ###.......   83%         5    #......
 Borgnjor's Vile Clutch   Necr/Erth      ###.......   83%         5    #......
 Dispel Undead            Necr           ###.....     83%         5    #......
 Fireball                 Conj/Fire      ###.......   83%         5    #......
 Irradiate                Conj/Tmut      ###.......   83%         5    #......
 Lee's Rapid Deconstruct  Erth           ###.......   83%         5    #......
 Venom Bolt               Conj/Pois      ###.......   83%         5    #......
 Freezing Cloud           Conj/Ice/Air   #####.....   92%         6    ####...
 Ring of Flames           Chrm/Fire      ######....   99%         7    ######.
 Bolt of Fire             Conj/Fire      ###.......   100%        6    ####...
 Death Channel            Necr           ###.......   100%        6    ####...
 Iron Shot                Conj/Erth      ###.......   100%        6    ####...
 Simulacrum               Ice/Necr       ###.......   100%        6    ####...
 Dragon Form              Tmut           ###.......   100%        7    ######.
 Orb of Destruction       Conj           ###.......   100%        7    ######.
 Controlled Blink         Tloc           N/A          100%        8    #######
 Discord                  Hex            ######....   100%        8    #######
 Disjunction              Tloc           ######....   100%        8    #######
 Ignition                 Fire           ###.......   100%        8    #######
 Shatter                  Erth           ###.......   100%        9    #######
 Tornado                  Air            ######....   100%        9    #######
 Passage of Golubria      Tloc           Unusable     N/A         4    N/A
 Sublimation of Blood     Necr           Unusable     N/A         2    N/A

Dungeon Overview and Level Annotations

Branches:
Dungeon (15/15)            Temple (1/1) D:5            Lair (6/6) D:9
 Shoals (4/4) Lair:4        Snake (4/4) Lair:4        Slime (5/5) Lair:6
    Orc (2/2) D:11            Elf (3/3) Orc:2        Vaults (4/5) D:14
  Crypt (3/3) Vaults:2       Tomb (0/3) Crypt:3      Depths (5/5) D:15
    Zot (5/5) Depths:5     Bailey (visited)           IceCv (visited)
Gauntlet (visited)

Altars:
Ashenzari
Cheibriados
Dithmenos
Elyvilon
Fedhas
Gozag
Hepliaklqana
Kikubaaqudgha
Makhleb
Nemelex Xobeh
Okawaru
Qazlal
Ru
Sif Muna
Trog
Uskayaw
Vehumet
Wu Jian
Xom
Yredelemnul
Zin
The Shining One
Jiyva

Shops:
D:7 [   D:13 !   D:15 [[([[   Orc:1 :   Orc:2 *[(:   Lair:1 (   Lair:5 =
Snake:1 =(*(   Vaults:4 =[*   Depths:1 (   Depths:2 }   Depths:4 =}}
Depths:5 [

Portals:
Hell: Depths:1 Depths:2 Depths:3 Depths:4 Depths:5
Abyss: Depths:3 Depths:4 Depths:5
Pandemonium: Depths:3
Ziggurat: Depths:5

Annotations:
D:1 exclusion: downstairs, Crazy Yiuf
D:6 exclusion: electric eel
Shoals:4 2 transporters, DavidChitty2's ghost, adept HOFi
Snake:1 Roxanne
Elf:2 2 runed translucent doors


Innate Abilities, Weirdness & Mutations

You are resistant to torment.
Your stone body is resilient. (AC +20)
You are immune to poison.
Your large and strong wings let you fly indefinitely.
You resist negative energy. (rN+)
You are resistant to electric shocks. (rElec)
You can survive without breathing.
You are immune to petrification.
You are immune to rotting.
You are partially covered in yellow scales. (AC +2)
Scrolls take you longer to read.
You are frail. (-10% HP)
Your natural rate of healing is unusually fast.
Your spells are a little harder to cast, but a little more powerful.


Message History

You fly upwards.
There is a stone staircase leading down here.
You see here a +0 whip.
You block Crazy Yiuf's attack.
Crazy Yiuf says, "Wait for me!"
There is a stone staircase leading up here.
Crazy Yiuf says, "Get me out of this place."
You block Crazy Yiuf's attack.
You fly upwards.
Level annotation: exclusion: downstairs
There is a stone staircase leading down here.
Casting: Deflect Missiles (quite dangerous; 19% risk of failure)
Confirm with . or Enter, or press ? or * to list all spells.
You blink.
Crazy Yiuf says, "Wait for me!"
There is a staircase leading out of the dungeon here.
Unknown command.
Crazy Yiuf says, "Get me out of this place."
You block Crazy Yiuf's attack.
You have escaped!

.......)..............§§§#.# #.#
....###########.##########.###.#
....####### #.#.....# #.#...#
....##....# #.......####.#.####
.......##.# ###................
..#.#####.#############.##.#.###.
..........+...≈≈≈≈≈...'.##.......
..#.########..#####..#######.####
....# #..♣♣P@P♣♣..# #.#
....########..♣♣g♣♣..## #.#
.........# ♣.........♣ #.#
.........# ♣.♣.≈≈≈.♣.♣ #.#
.........# ♣..≈≈8≈≈..♣ #.#
.........# ♣.♣.≈≈≈.♣.♣ #.#
.........# ♣.........♣ #.#
.........###..♣♣)♣♣..## #.#
.........##..♣♣P>P♣♣..# #.#


You could see Crazy Yiuf.

Vanquished Creatures
  Tiamat (Zot:4)
  An orb of fire (Zot:3)
  2 juggernauts
  Mara (Crypt:2)
  An ancient lich (Zot:5)
  Sojobo (Depths:3)
  Bai Suzhen (Shoals:4)
  Saint Roka (Crypt:1)
  The ghost of Gastoe the Scorcher, a veteran GrEE of Vehumet (Vaults:2)
  12 golden dragons
  A profane servitor (Crypt:3)
  A bone dragon (Crypt:3)
  2 electric golems (Zot:1)
  8 tentacled monstrosities
  Jorgrun (D:14)
  4 Orb Guardians (Zot:5)
  A lich (Crypt:3)
  Asterion (Depths:3)
  2 deep elf master archers (Elf:3)
  A titan (Depths:2)
  4 quicksilver dragons
  2 deep elf blademasters (Elf:3)
  2 sphinxes (Vaults:3)
  14 acid blobs
  7 death cobs
  Agnes (Snake:1)
  2 ancient champions (Crypt:1)
  4 tengu reavers
  A kraken (Shoals:1)
  Kirke (Shoals:2)
  13 storm dragons
  The ghost of Kairok the Unseen, an adept VSMo of Okawaru (Elf:2)
  3 draconian monks
  A revenant (Crypt:1)
  A shadow dragon (Zot:5)
  5 nagarajas
  A draconian knight (Zot:2)
  6 fire giants
  10 azure jellies
  A deep elf sorcerer (Elf:3)
  5 frost giants
  A juggernaut zombie (Depths:2)
  A balrug (Depths:4)
  8 vault wardens
  2 draconian scorchers
  2 orc warlords
  3 draconian stormcallers
  4 curse skulls
  2 ghost moths (Zot:5)
  2 cacodemons (Elf:2)
  9 ghouls
  2 draconian shifters
  A draconian annihilator (Zot:2)
  10 stone giants
  An entropy weaver (Vaults:3)
  4 ironheart preservers (Vaults:3)
  7 very ugly things
  A juggernaut skeleton (Depths:2)
  2 vampire knights (Depths:2)
  9 green draconians
  7 black draconians
  8 yellow draconians
  The ghost of Vainwen the Blocker, a journeyman VSFi of Qazlal (Lair:6)
  9 deep elf demonologists
  8 red draconians
  9 purple draconians
  A lorocyproca (Zot:1)
  7 white draconians
  A dire elephant (Lair:6)
  3 deep elf annihilators (Elf:3)
  5 eidola
  A quicksilver dragon zombie (Crypt:2)
  7 merfolk javelineers (Shoals:4)
  8 deep elf death magi
  8 ettins
  8 fire dragons
  A green death (D:13)
  A mummy priest (Crypt:3)
  Josephine (Orc:1)
  A crystal guardian (Vaults:3)
  17 yaktaur captains
  7 death oozes (Slime:5)
  11 merfolk impalers
  6 jiangshi
  14 great orbs of eyes
  3 deep elf high priests (Elf:3)
  7 ice dragons
  15 naga warriors
  3 vault guards (Vaults:3)
  A hydra (Lair:4)
  7 rakshasas
  5 catoblepae
  5 centaur warriors
  4 alligator snapping turtles
  3 merfolk aquamancers
  3 merfolk avatars
  34 two-headed ogres
  3 death knights
  3 satyrs
  11 death yaks
  6 deep troll shamans
  Urug (D:13)
  8 deep troll earth magi
  A vampire mage (Depths:2)
  12 anacondas
  7 ogre magi
  An orc high priest (Orc:2)
  9 naga sharpshooters
  6 tengu warriors
  A hell knight (Depths:2)
  2 sun demons
  A titan zombie (Crypt:3)
  9 deep elf knights
  4 shock serpents
  3 spriggan berserkers
  2 salamander mystics
  2 iron trolls
  A fire crab (shapeshifter) (Vaults:3)
  A shadow wraith (Vaults:1)
  A glowing orange brain (Slime:5)
  A titan skeleton (Depths:2)
  8 sea snakes
  A death drake (shapeshifter) (D:14)
  28 skeletal warriors
  20 deep trolls
  6 unseen horrors
  14 flayed ghosts
  An anaconda zombie (Crypt:3)
  5 wizards
  A kraken simulacrum (Shoals:4)
  22 phantasmal warriors
  An orange crystal statue (Gauntlet)
  10 naga ritualists
  14 deep elf archers
  A golden dragon skeleton (Depths:2)
  3 lindwurms (D:11)
  10 necromancers
  A lindwurm (shapeshifter) (Vaults:3)
  2 shadow demons
  8 ironbrand convokers
  16 harpies
  A frost giant zombie (Depths:2)
  7 orc sorcerers
  A shadow dragon skeleton (Depths:2)
  10 orc knights
  5 shining eyes
  13 mana vipers
  A sphinx skeleton (Depths:2)
  9 cyclopes
  2 stone giant zombies
  26 ugly things
  11 manticores
  A salamander (shapeshifter) (Vaults:2)
  6 wolf spiders
  A faun (shapeshifter) (Vaults:3)
  13 fauns
  14 large abominations
  9 salamanders
  Maurice (D:10)
  3 centaur zombies
  42 black mambas
  5 merfolk sirens
  A dire elephant zombie (Crypt:3)
  39 deep elf magi
  A frost giant skeleton (Depths:2)
  17 moths of wrath
  9 vault sentinels
  6 guardian serpents
  A smoke demon (Gauntlet)
  A stone giant skeleton (Depths:2)
  3 water nymphs
  10 apocalypse crabs (Depths:3)
  An ice statue (IceCv)
  25 naga magi
  A molten gargoyle (Depths:1)
  A guardian serpent (shapeshifter) (Depths:5)
  9 spiny frogs
  3 eyes of devastation
  4 gargoyles
  3 torpor snails
  A black mamba (shapeshifter) (Depths:5)
  5 spectral swamp worms (Depths:1)
  A rime drake (shapeshifter) (Depths:2)
  A komodo dragon (shapeshifter) (Vaults:1)
  A hellion (D:10)
  2 rime drakes
  4 komodo dragons
  34 yaktaurs
  5 freezing wraiths
  An emperor scorpion zombie (Crypt:3)
  A minotaur skeleton (Crypt:2)
  A yaktaur (shapeshifter) (Depths:2)
  4 efreet
  A catoblepas skeleton (Crypt:1)
  A yaktaur skeleton (Vaults:1)
  A white draconian zombie (Crypt:2)
  An entropy weaver simulacrum (Vaults:1)
  An iron troll skeleton (Crypt:2)
  A hellwing (Depths:4)
  3 guardian mummies
  A harpy zombie (Crypt:3)
  A hydra zombie (Crypt:3)
  29 merfolk
  2 ice devils
  A jumping spider (shapeshifter) (Depths:3)
  3 red devils
  3 tengu conjurers
  3 meliai (Lair:6)
  3 jumping spiders
  6 trolls
  A queen bee (shapeshifter) (Depths:2)
  11 polar bears (IceCv)
  5 wind drakes
  A queen bee (Lair:6)
  A bog body (Crypt:2)
  A hornet (shapeshifter) (Depths:3)
  63 slime creatures
  A blink frog (shapeshifter) (Elf:2)
  A hornet (D:13)
  A tengu simulacrum (Vaults:1)
  An ettin zombie (Crypt:3)
  Grinder (D:4)
  2 ice dragon zombies (Crypt:3)
  6 dream sheep
  12 snapping turtles
  11 hippogriffs
  12 blink frogs
  6 flying skulls (Crypt:2)
  A fire dragon zombie (Crypt:3)
  2 shadows
  15 wraiths
  7 redbacks
  2 spriggans (Depths:2)
  A guardian serpent skeleton (Crypt:2)
  10 water elementals
  2 air elementals
  A hog (shapeshifter) (Depths:4)
  3 hogs (Shoals:2)
  82 yaks
  A tarantella (shapeshifter) (Vaults:1)
  Eustachio (D:6)
  18 humans
  3 fire bats (Depths:1)
  5 fire elementals
  2 basilisks
  3 wyverns
  5 golden eyes (Slime:1)
  A basilisk (shapeshifter) (Depths:2)
  2 hungry ghosts
  2 chaos spawn (Depths:5)
  9 vampire mosquitoes
  A two-headed ogre zombie (Crypt:2)
  11 wargs
  An acid dragon (D:13)
  A gelid demonspawn zombie (Crypt:1)
  An insubstantial wisp (Lair:1)
  A soldier ant (shapeshifter) (Elf:3)
  A torturous demonspawn zombie (Crypt:1)
  44 nagas
  12 water moccasins
  A water moccasin (shapeshifter) (Depths:4)
  6 porcupines
  A floating eye (shapeshifter) (D:15)
  An acid dragon (shapeshifter) (Depths:5)
  A swamp drake (Lair:1)
  A faun skeleton (Crypt:1)
  2 black bears (D:8)
  A merfolk skeleton (Crypt:1)
  57 orc warriors
  8 sky beasts
  14 necrophages
  8 eyes of draining
  5 ice beasts
  A blink frog zombie (Crypt:1)
  3 hornet zombies
  A snapping turtle skeleton (Crypt:2)
  2 phantoms
  2 swamp dragon zombies (Crypt:3)
  4 ettin simulacra
  5 centaurs
  22 ogres
  5 boggarts
  23 wolves
  7 crocodiles
  2 elf zombies (Elf:1)
  18 bullfrogs
  Blork the orc (D:5)
  4 earth elementals
  3 human skeletons
  8 small abominations (Depths:5)
  8 wyvern skeletons (Crypt:3)
  5 scorpions
  18 killer bees
  A yak zombie (Crypt:1)
  2 human simulacra
  13 wights
  4 howler monkeys
  An electric eel (D:6)
  8 crimson imps
  4 jellies
  2 quasits
  8 hounds
  A human zombie (Crypt:1)
  2 bullfrog zombies (D:6)
  4 centaur skeletons
  16 orc priests
  2 bullfrog skeletons
  An iron imp (Depths:5)
  22 orc wizards
  An iguana (shapeshifter) (Elf:2)
  3 iguanas
  A lightning spire (Zot:1)
  4 worker ants
  A killer bee zombie (D:7)
  A hound zombie (D:7)
  8 mummies
  A howler monkey zombie (D:5)
  2 worker ant zombies
  A gnoll (shapeshifter) (Elf:2)
  2 howler monkey skeletons
  15 adders
  A shadow imp (D:10)
  A steam dragon skeleton (Crypt:1)
  An adder zombie (D:9)
  A lava snake zombie (Crypt:2)
  An adder skeleton (D:7)
  A dart slug (D:3)
  8 leopard geckos
  102 orcs
  2 ball pythons (D:2)
  A bat skeleton (Crypt:2)
  2 giant cockroaches
  7 hobgoblins
  A hobgoblin (shapeshifter) (Depths:5)
  A jackal (D:2)
  11 kobolds
  4 quokkas
  A ball python (shapeshifter) (Elf:2)
  6 bats
  2 frilled lizards
  A giant cockroach zombie (D:6)
  5 goblins
  A jackal zombie (Crypt:1)
  10 rats
  A rat (shapeshifter) (Vaults:3)
  3 plants (Zot:1)
  4 tentacles
  6 withered plants (Crypt:3)
2098 creatures vanquished.

Vanquished Creatures (collateral kills)
  Dissolution (Slime:3)
  A pandemonium lord (D:15)
  Mennas (Depths:4)
  3 orbs of fire
  A Killer Klown (Zot:5)
  2 golden dragons
  Nikola (Snake:1)
  2 liches
  An electric golem (Zot:3)
  A tentacled monstrosity (Elf:2)
  4 Orb Guardians (Zot:5)
  5 acid blobs
  Polyphemus (Shoals:2)
  Gastronok (D:9)
  4 storm dragons
  A nagaraja (Snake:4)
  3 tengu reavers
  5 azure jellies
  4 fire giants
  A draconian knight (Zot:5)
  A curse skull (Crypt:2)
  3 draconian scorchers
  2 draconian shifters
  2 vault wardens (Vaults:1)
  A draconian stormcaller (Zot:2)
  A draconian annihilator (Depths:5)
  A cacodemon (Elf:2)
  2 ironheart preservers (Vaults:1)
  A spriggan defender (Depths:4)
  A frost giant (IceCv)
  An entropy weaver (Vaults:1)
  A caustic shrike skeleton (Depths:2)
  4 black draconians
  A deep elf demonologist (Elf:3)
  4 yellow draconians
  3 deep elf annihilators (Elf:3)
  3 red draconians
  A minotaur (Gauntlet)
  3 purple draconians
  2 eidola (Crypt:3)
  3 ettins
  A green death (Zot:3)
  A jiangshi (Depths:2)
  2 death oozes (Slime:5)
  A merfolk impaler (Shoals:4)
  A fire dragon (Vaults:1)
  A hydra (D:13)
  2 great orbs of eyes
  A naga warrior (Snake:4)
  A rakshasa (Vaults:2)
  2 ice dragons (Depths:3)
  A merfolk avatar (Shoals:1)
  2 spriggan air magi
  2 ogre magi
  A death knight (Crypt:3)
  2 vampire magi
  4 two-headed ogres
  A deep troll shaman (Depths:5)
  2 naga sharpshooters
  2 death yaks (Shoals:2)
  A deep troll earth mage (Depths:3)
  A spriggan berserker (Depths:2)
  An orc high priest (Orc:1)
  A deep elf knight (Elf:3)
  A hell knight (Depths:5)
  3 orc knights
  5 deep trolls
  A skeletal warrior (Crypt:3)
  2 glowing orange brains
  A deep elf archer (Elf:3)
  A lindwurm (D:11)
  An ironbrand convoker (Vaults:3)
  A necromancer (Depths:2)
  2 mana vipers
  A stone giant zombie (Depths:2)
  2 fauns (Shoals:3)
  A shining eye (Slime:5)
  4 deep elf magi (Elf:3)
  An orc sorcerer (Orc:1)
  A salamander (Snake:3)
  5 ugly things
  6 moths of wrath
  A manticore (Shoals:1)
  2 black mambas (Snake:3)
  A vault sentinel (Vaults:3)
  An eye of devastation (Slime:2)
  4 naga magi (Snake:4)
  A komodo dragon (Lair:6)
  2 spiny frogs
  2 yaktaurs
  A freezing wraith (Vaults:4)
  6 merfolk
  A troll (Orc:1)
  A tengu conjurer (Depths:2)
  3 hornets
  5 blink frogs
  30 slime creatures
  A snapping turtle (Shoals:2)
  A large abomination (Elf:2)
  A human simulacrum (Vaults:3)
  An air elemental (Elf:3)
  A hippogriff (D:13)
  An ettin zombie (Depths:2)
  A redback (Vaults:1)
  A wraith (Orc:1)
  3 water elementals (Depths:4)
  9 yaks
  A neqoxec (D:15)
  A basilisk (Lair:4)
  6 golden eyes
  A basilisk (shapeshifter) (Elf:2)
  2 hogs (Shoals:2)
  A hungry ghost (D:9)
  2 vampire mosquitoes (Lair:1)
  Edmund (D:4)
  An insubstantial wisp (Lair:1)
  4 nagas
  An acid dragon (D:11)
  A porcupine (Lair:1)
  10 orc warriors
  A sky beast (D:11)
  3 eyes of draining
  A wolf (IceCv)
  2 centaurs
  5 ogres
  3 crocodiles
  A big kobold (D:13)
  A bullfrog (D:14)
  2 wyvern skeletons (Crypt:3)
  A scorpion (D:3)
  2 killer bees (Lair:6)
  A howler monkey (D:5)
  A centaur zombie (D:5)
  A crimson imp (D:5)
  6 orc priests
  A jelly (shapeshifter) (Elf:2)
  8 orc wizards
  2 bullfrog skeletons
  2 hounds
  A worker ant (D:6)
  Terence (D:3)
  A killer bee zombie (D:8)
  A felid zombie (Crypt:2)
  2 adders
  A river rat (shapeshifter) (Elf:2)
  A shadow imp (D:14)
  5 worms
  2 dart slugs (D:1)
  5 leopard geckos
  17 orcs
  8 bats
  3 giant cockroaches
  5 goblins
  7 hobgoblins
  3 jackals
  A frilled lizard (D:3)
  A kobold (shapeshifter) (Elf:2)
  10 kobolds
  A leopard gecko skeleton (D:8)
  6 rats
  A withered plant (Crypt:3)
397 creatures vanquished.

Vanquished Creatures (others)
  2 ancient liches (Zot:5)
  3 Killer Klowns (Zot:5)
  An electric golem (Zot:5)
  15 Orb Guardians (Zot:5)
  16 eldritch tentacles
  A draconian monk (Zot:5)
  A draconian knight (Zot:4)
  A draconian annihilator (Zot:5)
  2 stone giants
  2 black draconians (Zot:5)
  A red draconian (Zot:4)
  3 yaktaur captains
  A centaur warrior (Depths:3)
  A merfolk aquamancer (Shoals:4)
  A deep troll earth mage (Depths:4)
  An ogre mage (Vaults:1)
  13 dancing weapons
  A naga sharpshooter (Snake:4)
  3 deep elf archers
  A shadow demon (Zot:4)
  A naga ritualist (Snake:4)
  2 orc knights
  2 deep elf magi (Elf:3)
  2 cyclopes
  A manticore (Shoals:2)
  A faun (Shoals:3)
  2 moths of wrath (Zot:5)
  A merfolk siren (Shoals:4)
  5 yaktaurs
  2 merfolk
  A water elemental (Shoals:4)
  2 nagas
  3 orc warriors
  A boggart (Depths:2)
  2 centaurs
  An orc priest (Vaults:3)
  An orc wizard (D:8)
  5 demonic plants (Gauntlet)
  7 fungi
  16 plants
  14 tentacles
142 creatures vanquished.

Grand Total: 2637 creatures vanquished

Notes
Turn   | Place    | Note
-------+----------+-------------------------------------------
     0 | D:1      | YannR the Gargoyle Summoner began the quest for the Orb.
     0 | D:1      | Reached XP level 1. HP: 10/10 MP: 3/3
   502 | D:1      | Reached skill level 1 in Fighting
   525 | D:1      | Reached XP level 2. HP: 14/16 MP: 3/5
   558 | D:1      | Learned a level 2 spell: Call Imp
  1381 | D:1      | Reached XP level 3. HP: 21/21 MP: 2/6
  2116 | D:2      | Reached skill level 2 in Fighting
  2653 | D:2      | Reached XP level 4. HP: 26/26 MP: 7/7
  2708 | D:2      | Reached skill level 1 in Maces & Flails
  3239 | D:2      | Reached XP level 5. HP: 27/31 MP: 7/9
  3567 | D:3      | Learned a level 3 spell: Call Canine Familiar
  4062 | D:3      | Noticed Terence
  4130 | D:3      | Killed Terence
  4417 | D:3      | Reached skill level 3 in Fighting
  4900 | D:4      | Noticed an ogre
  4941 | D:4      | Reached XP level 6. HP: 25/37 MP: 1/10
  4974 | D:4      | Noticed Grinder
  4989 | D:4      | Paralysed by Grinder for 6 turns
  4997 | D:4      | Killed Grinder
  5096 | D:4      | Reached XP level 7. HP: 36/42 MP: 7/12
  5104 | D:4      | Reached skill level 5 in Summonings
  5115 | D:4      | Got a scorched helmet
  5122 | D:4      | Identified the +0 helmet of Wrong Decisions {rC+} (You
                  | found it on level 4 of the Dungeon)
  5627 | D:4      | Found a glowing drain.
  5639 | D:4      | Reached skill level 4 in Fighting
  5971 | D:5      | Entered Level 5 of the Dungeon
  6208 | D:5      | Reached skill level 1 in Armour
  6336 | D:5      | Found a staircase to the Ecumenical Temple.
  6411 | Temple   | Entered the Ecumenical Temple
  6563 | Temple   | Became a worshipper of Gozag Ym Sagoz the Greedy
  6678 | D:5      | Noticed Edmund
  6761 | D:4      | Killed Edmund
  6866 | D:5      | Reached XP level 8. HP: 43/48 MP: 9/14
  7027 | D:5      | Found a glowing golden altar of the Shining One.
  7066 | D:5      | Found a stormy altar of Qazlal.
  7121 | D:5      | Found a runed translucent door.
  7122 | D:5      | Noticed Crazy Yiuf
  7322 | D:5      | Reached skill level 5 in Fighting
  7431 | D:5      | Got a twisted trident
  7432 | D:5      | Identified the +11 trident "Gongon" {vamp, rC+ Str-4
                  | Stlth+} (You found it on level 5 of the Dungeon)
  7462 | D:5      | You fall into a shaft and drop 1 floor!
  7553 | D:6      | Reached skill level 1 in Polearms
  7721 | D:6      | Found a bloodstained altar of Trog.
  7882 | D:6      | Noticed Eustachio
  7893 | D:6      | Reached skill level 5 in Spellcasting
  7899 | D:6      | Killed Eustachio
  7899 | D:6      | Reached XP level 9. HP: 55/55 MP: 8/16
  7985 | D:6      | Found a shadowy altar of Dithmenos.
  9141 | D:7      | Found an iron altar of Okawaru.
  9161 | D:7      | Reached skill level 6 in Fighting
  9829 | D:7      | Found a basalt altar of Yredelemnul.
  9829 | D:7      | Found a shadowy altar of Dithmenos.
  9829 | D:7      | Found a shimmering altar of Xom.
  9831 | D:7      | Found a burning altar of Makhleb.
  9831 | D:7      | Found a hide-covered altar of Uskayaw.
 10053 | D:7      | Bought a heavily runed scale mail for 135 gold pieces
 10053 | D:7      | Bought a runed scarf for 120 gold pieces
 10187 | D:7      | Identified the +1 scale mail of Weightlessness {Str+2
                  | Dex+4} (You bought it in a shop on level 7 of the Dungeon)
 10231 | D:8      | Reached skill level 5 in Armour
 10832 | D:8      | Killed an unseen horror
 10832 | D:8      | Reached skill level 7 in Fighting
 10832 | D:8      | Reached XP level 10. HP: 63/63 MP: 9/19
 11033 | D:8      | Noticed a two-headed ogre
 11412 | D:8      | Killed a two-headed ogre
 11948 | D:9      | Found a staircase to the Lair.
 11990 | D:9      | Found a flagged portal.
 12003 | Bailey   | Entered a bailey
 12053 | Bailey   | Learned a level 4 spell: Summon Ice Beast
 12087 | Bailey   | Reached skill level 5 in Polearms
 12216 | Bailey   | Noticed an orc knight
 12217 | Bailey   | Noticed an orc knight
 12545 | Bailey   | Reached skill level 8 in Fighting
 13206 | Bailey   | Killed an orc knight
 13218 | Bailey   | Got a dazzling cloak
 13229 | Bailey   | Identified the +1 cloak of the Tundras {rElec rCorr Str+2}
                  | (You found it in a bailey)
 13231 | Bailey   | Got tiger eye-encrusted fire dragon scales
 13242 | Bailey   | Identified the +1 fire dragon scales "Taw Rito" {rElec rF++
                  | rC- Str+4} (You found it in a bailey)
 13265 | Bailey   | Reached XP level 11. HP: 60/68 MP: 17/21
 13648 | D:9      | Noticed a two-headed ogre
 13657 | D:9      | Killed a two-headed ogre
 13865 | D:9      | Noticed Gastronok
 13953 | D:9      | Killed Gastronok
 14151 | D:10     | Entered Level 10 of the Dungeon
 14296 | D:10     | Noticed a two-headed ogre
 14329 | D:10     | Killed a two-headed ogre
 14397 | D:10     | Noticed Maurice
 14405 | D:10     | Killed Maurice
 14895 | D:11     | Reached skill level 9 in Fighting
 14983 | D:11     | Noticed a cyan ugly thing
 14993 | D:11     | Killed a cyan ugly thing
 15003 | D:11     | Got a scorched silver ring
 15007 | D:11     | Identified the ring of Kerai {Ice rN+ Str-3 Int+4} (You
                  | found it on level 11 of the Dungeon)
 15037 | D:11     | Found a stormy altar of Qazlal.
 15215 | D:11     | Reached XP level 12. HP: 67/76 MP: 20/24
 15296 | D:11     | Found a staircase to the Orcish Mines.
 16192 | Lair:1   | Entered Level 1 of the Lair of Beasts
 17771 | Lair:3   | Reached skill level 10 in Fighting
 17779 | Lair:3   | Reached skill level 5 in Dodging
 18126 | Lair:3   | Got a wavering sapphire amulet
 18128 | Lair:3   | Identified the amulet of Meal {Inacc rPois Str+2} (You
                  | found it on level 3 of the Lair of Beasts)
 18352 | Lair:4   | Reached skill level 1 in Shields
 18379 | Lair:4   | Found a staircase to the Snake Pit.
 18545 | Lair:4   | Noticed a four-headed hydra
 18554 | Lair:4   | Killed a four-headed hydra
 18558 | Lair:4   | Reached XP level 13. HP: 82/82 MP: 19/25
 18581 | Lair:4   | Found a staircase to the Shoals.
 19315 | Lair:5   | Gained mutation: You are frail. (-10% HP) [potion of
                  | mutation]
 19315 | Lair:5   | Gained mutation: You are agile. (Dex +2) [potion of
                  | mutation]
 19315 | Lair:5   | Gained mutation: You have large cloven feet. [potion of
                  | mutation]
 19316 | Lair:5   | Lost mutation: You are agile. (Dex +2) [potion of mutation]
 19316 | Lair:5   | Lost mutation: You are frail. (-10% HP) [potion of
                  | mutation]
 19316 | Lair:5   | Lost mutation: You have large cloven feet. [potion of
                  | mutation]
 19316 | Lair:5   | Gained mutation: You are frail. (-10% HP) [potion of
                  | mutation]
 19316 | Lair:5   | Gained mutation: You are partially covered in molten
                  | scales. (AC +2) [potion of mutation]
 19316 | Lair:5   | Gained mutation: You are partially covered in rugged brown
                  | scales. (AC +1, +3% HP) [potion of mutation]
 19316 | Lair:5   | Gained mutation: Your mind is acute. (Int +2) [potion of
                  | mutation]
 19323 | Lair:5   | Lost mutation: You are frail. (-10% HP) [potion of
                  | mutation]
 19323 | Lair:5   | Lost mutation: Your mind is acute. (Int +2) [potion of
                  | mutation]
 19323 | Lair:5   | Lost mutation: You are partially covered in molten scales.
                  | (AC +2) [potion of mutation]
 19323 | Lair:5   | Gained mutation: Your spells are a little easier to cast,
                  | but a little less powerful. [potion of mutation]
 19323 | Lair:5   | Gained mutation: Your body sometimes deteriorates upon
                  | taking damage. [potion of mutation]
 19323 | Lair:5   | Gained mutation: You are robust. (+10% HP) [potion of
                  | mutation]
 19872 | Lair:6   | Entered Level 6 of the Lair of Beasts
 20034 | Lair:6   | Noticed Vainwen's ghost (journeyman VSFi)
 20087 | Lair:6   | Noticed a dire elephant
 20127 | Lair:6   | Found a runed translucent gate.
 20127 | Lair:6   | Found a runed translucent gate.
 20129 | Lair:6   | Found a runed translucent gate.
 20149 | Lair:6   | Reached skill level 10 in Armour
 20206 | Lair:6   | Reached skill level 10 in Summonings
 20310 | Lair:6   | Found a frozen archway.
 20524 | IceCv    | Entered an ice cave
 20609 | IceCv    | Reached skill level 11 in Fighting
 20776 | IceCv    | Identified a scroll of acquirement
 20958 | IceCv    | Gained mutation: Your large and strong wings let you fly
                  | indefinitely. [Gargoyle growth]
 20958 | IceCv    | Reached XP level 14. HP: 101/101 MP: 26/26
 21602 | IceCv    | Noticed a frost giant
 21621 | IceCv    | Killed a frost giant
 21648 | IceCv    | Learned a level 2 spell: Blink
 21653 | IceCv    | Learned a level 4 spell: Passage of Golubria
 21939 | Lair:6   | Reached skill level 1 in Long Blades
 22033 | Lair:6   | Reached skill level 1 in Translocations
 22463 | Lair:6   | Found a staircase to the Slime Pits.
 23886 | D:13     | Reached skill level 5 in Long Blades
 24055 | D:13     | Found Muecwofafi's Distillery.
 24092 | D:13     | Bought a potion of mutation for 120 gold pieces
 24092 | D:13     | Bought a potion of heal wounds for 75 gold pieces
 24092 | D:13     | Bought a potion of heal wounds for 75 gold pieces
 24092 | D:13     | Bought a potion of haste for 150 gold pieces
 24710 | Orc:1    | Entered Level 1 of the Orcish Mines
 24782 | Orc:1    | Noticed Sonja
 25295 | Orc:1    | Noticed Sonja
 25295 | Orc:1    | Sonja changed into Sonja the water moccasin
 25302 | Orc:1    | Killed Sonja the water moccasin
 25434 | Orc:2    | Entered Level 2 of the Orcish Mines
 25590 | Orc:1    | Noticed Josephine
 25599 | Orc:1    | Reached XP level 15. HP: 107/107 MP: 15/27
 25625 | Orc:1    | Killed Josephine
 25625 | Orc:1    | Reached skill level 5 in Translocations
 25939 | Orc:2    | Found Pacsummu's General Store.
 26630 | Orc:1    | Upgraded the game from 0.24-a0-699-g5a66b1aa3b to
                  | 0.24-a0-715-g0b739ee41d
 27028 | D:14     | Found a gate to the Vaults.
 27028 | D:14     | Noticed Urug
 27294 | D:13     | Killed Urug
 27450 | D:14     | Noticed Jorgrun
 27465 | D:14     | Killed Jorgrun
 28223 | D:15     | Entered Level 15 of the Dungeon
 28223 | D:15     | Found Apoen's Antique Armour Boutique.
 28227 | D:15     | Bought a pair of glowing boots for 225 gold pieces
 28227 | D:15     | Bought a runed buckler for 225 gold pieces
 28254 | D:15     | Found a gate leading to a gauntlet.
 28279 | D:15     | Found Dulaam's Antique Armour Shoppe.
 28297 | Gauntlet | Entered a Gauntlet
 28297 | Gauntlet | Found a transporter.
 28306 | Gauntlet | Found a transporter.
 28321 | Gauntlet | Found a transporter.
 28326 | Gauntlet | Found a transporter.
 28346 | Gauntlet | Found a transporter.
 28347 | Gauntlet | Found the ring of Shadows {Umbra +Inv Stlth+}
 28360 | Gauntlet | Found a transporter.
 28372 | Gauntlet | Found a transporter.
 28384 | Gauntlet | Found a transporter.
 28396 | Gauntlet | Found a transporter.
 28405 | Gauntlet | Found a transporter.
 28427 | Gauntlet | Found a transporter.
 28442 | Gauntlet | Found a transporter.
 28444 | Gauntlet | Found a transporter.
 28446 | Gauntlet | Found a runed translucent gate.
 28446 | Gauntlet | Found a runed translucent gate.
 28446 | Gauntlet | Found a runed translucent gate.
 28449 | Gauntlet | Found a large runed translucent door.
 28449 | Gauntlet | Found a large runed translucent door.
 28449 | Gauntlet | Found a large runed translucent door.
 28449 | Gauntlet | Found a large runed translucent door.
 28452 | Gauntlet | Found a large runed translucent door.
 28452 | Gauntlet | Found a large runed translucent door.
 28453 | Gauntlet | Found a large runed translucent door.
 28453 | Gauntlet | Found a large runed translucent door.
 28456 | Gauntlet | Found a large runed translucent door.
 28456 | Gauntlet | Found a large runed translucent door.
 28456 | Gauntlet | Found a runed translucent door.
 28456 | Gauntlet | Found a runed translucent door.
 28457 | Gauntlet | Found a large runed translucent door.
 28458 | Gauntlet | Found a large runed translucent door.
 28467 | Gauntlet | Found a large runed translucent door.
 28467 | Gauntlet | Found a large runed translucent door.
 28468 | Gauntlet | Found a large runed translucent door.
 28469 | Gauntlet | Found a large runed translucent door.
 28469 | Gauntlet | Found a transporter.
 28471 | Gauntlet | Found a transporter.
 28491 | Gauntlet | Found a transporter.
 28493 | Gauntlet | Found a transporter.
 28732 | Gauntlet | Found a transporter.
 28792 | Gauntlet | Reached skill level 10 in Long Blades
 28854 | Gauntlet | Got a brightly glowing cloak
 28855 | Gauntlet | Identified the +0 cloak of Ypemom {Stlth+} (You found it in
                  | a Gauntlet)
 29023 | D:15     | Found Jufum's Antique Weapon Shoppe.
 29028 | D:15     | Found Alazoosm's Antique Armour Shoppe.
 29036 | D:15     | Bought a glowing shield for 247 gold pieces
 29090 | D:15     | Found a staircase to the Depths.
 29212 | D:15     | Found Secyni's Antique Armour Boutique.
 29218 | D:15     | Bought a pair of heavily runed boots for 304 gold pieces
 29228 | D:15     | Identified the -5 pair of boots of Temperance {rElec} (You
                  | bought it in a shop on level 15 of the Dungeon)
 29445 | D:15     | Found an opulent altar of Gozag.
 30007 | Orc:1    | Paralysed by an orc sorcerer for 6 turns
 30074 | Orc:2    | Reached skill level 5 in Shields
 30086 | Orc:2    | Noticed an orc warlord
 30330 | Orc:1    | Killed an orc warlord
 30330 | Orc:1    | Reached XP level 16. HP: 113/113 MP: 24/28
 30483 | Orc:2    | Found Bura's Antique Armour Emporium.
 30498 | Orc:2    | Found Xippufov's Antique Weapon Shop.
 30518 | Orc:2    | Found Jearoz's Book Boutique.
 30551 | Orc:2    | Bought a book of Beasts for 825 gold pieces
 30553 | Orc:2    | Learned a level 1 spell: Summon Butterflies
 30559 | Orc:2    | Learned a level 5 spell: Summon Mana Viper
 30618 | Orc:2    | Found a staircase to the Elven Halls.
 31117 | Lair:5   | Bought the brooch of Shielding {Reflect SH+8} for 1700 gold
                  | pieces
 31117 | Lair:5   | Found the brooch of Shielding {Reflect SH+8}
 31217 | Lair:6   | Killed Vainwen's ghost
 31497 | Lair:6   | Found the ring of Phasing {EV+8}
 31699 | Snake:1  | Entered Level 1 of the Snake Pit
 31997 | Snake:1  | Found Ketuamui's General Store.
 32000 | Snake:1  | Found Cishif's Antique Weapon Boutique.
 32000 | Snake:1  | Found Yfusis's Jewellery Shop.
 32005 | Snake:1  | Bought a scroll of magic mapping for 59 gold pieces
 32005 | Snake:1  | Bought a ration for 85 gold pieces
 32005 | Snake:1  | Found Mowniyr's Antique Weapon Shop.
 32104 | Snake:1  | Noticed Nikola
 32133 | Snake:1  | Killed Nikola
 32161 | Snake:1  | Bought the ring "Leuroanna" {Int+5 Dex+10} for 1245 gold
                  | pieces
 32273 | Snake:1  | Identified Zuazuit's Compendium of Unholy Heat
 32299 | Snake:1  | Noticed Agnes
 32322 | Snake:1  | Killed Agnes
 32724 | Snake:1  | Noticed Roxanne
 33057 | Snake:2  | Reached XP level 17. HP: 119/119 MP: 29/29
 33064 | Snake:2  | Reached skill level 12 in Fighting
 33688 | Snake:2  | Identified the Guide on the Supportive Mountains
 33702 | Snake:2  | Learned a level 6 spell: Shadow Creatures
 34675 | Snake:3  | Reached skill level 13 in Fighting
 35135 | Snake:4  | Entered Level 4 of the Snake Pit
 35314 | Snake:4  | Reached skill level 10 in Shields
 35734 | Snake:4  | Reached XP level 18. HP: 128/128 MP: 28/30
 36055 | Snake:4  | Got a slimy ruby amulet
 36113 | Snake:4  | Got a serpentine rune of Zot
 36395 | Shoals:1 | Entered Level 1 of the Shoals
 37154 | Shoals:1 | Found a shattered altar of Ashenzari.
 37777 | Shoals:2 | Noticed Polyphemus
 37790 | Shoals:2 | Reached skill level 14 in Fighting
 37799 | Shoals:2 | Killed Polyphemus
 37872 | Shoals:2 | Identified the amulet of Buetiydgh {Harm *Drain rElec rC+
                  | Str+4} (You found it on level 4 of the Snake Pit)
 37972 | Shoals:2 | Noticed Kirke
 37993 | Shoals:2 | Killed Kirke
 38973 | Shoals:3 | Reached skill level 1 in Hexes
 39268 | Shoals:4 | Entered Level 4 of the Shoals
 39464 | Shoals:4 | Identified the +5 trident of Tywehagg {distort, +Blink}
 39467 | Shoals:4 | Identified the +9 demon trident "Lazopuki" {drain, Str+2}
 39469 | Shoals:4 | Noticed DavidChitty2's ghost (adept HOFi)
 39475 | Shoals:4 | Found a bloodstained altar of Trog.
 39483 | Shoals:4 | Found a transporter.
 39486 | Shoals:4 | Noticed Bai Suzhen
 39528 | Shoals:4 | Killed Bai Suzhen
 39528 | Shoals:4 | Reached XP level 19. HP: 137/137 MP: 8/31
 39529 | Shoals:4 | Found a transporter.
 40336 | Shoals:4 | Got a barnacled rune of Zot
 40810 | Lair:5   | Bought an uncursed ring of protection from magic for 400
                  | gold pieces
 41010 | Vaults:1 | Entered Level 1 of the Vaults
 41257 | Vaults:1 | You are sucked into a shaft and drop 1 floor!
 41304 | Vaults:2 | Reached skill level 15 in Fighting
 41443 | Vaults:2 | Found a runed translucent door.
 41443 | Vaults:2 | Noticed Gastoe's ghost (veteran GrEE)
 41629 | Vaults:2 | Found a staircase to the Crypt.
 41629 | Vaults:2 | Found an ancient bone altar of Kikubaaqudgha.
 41630 | Vaults:2 | Found a basalt altar of Yredelemnul.
 41955 | Vaults:1 | Reached skill level 5 in Hexes
 42217 | Vaults:1 | Reached XP level 20. HP: 145/145 MP: 28/32
 43616 | Vaults:2 | Killed Gastoe's ghost
 44156 | Vaults:3 | Paralysed by a sphinx for 3 turns
 44162 | Vaults:3 | Reached skill level 15 in Shields
 44534 | Vaults:3 | Reached skill level 16 in Fighting
 44660 | Vaults:3 | Reached skill level 15 in Summonings
 45311 | Vaults:3 | Noticed a lich
 45323 | Vaults:3 | Killed a lich
 45389 | Vaults:3 | Reached XP level 21. HP: 154/154 MP: 17/34
 45763 | Vaults:4 | Found Gajugal's Jewellery Boutique.
 46031 | Vaults:4 | Bought a steaming scale mail for 378 gold pieces
 46031 | Vaults:4 | Bought a bloodstained chain mail for 399 gold pieces
 46031 | Vaults:4 | Bought a pitted chain mail for 399 gold pieces
 46031 | Vaults:4 | Identified the +3 scale mail "Ucocusi" {-Cast rPois MR+
                  | Str+6} (You bought it in a shop on level 4 of the Vaults)
 46033 | Vaults:4 | Identified the +4 chain mail "Leiril" {rElec Regen+} (You
                  | bought it in a shop on level 4 of the Vaults)
 46035 | Vaults:4 | Identified the +6 chain mail "Qashoaha" {Regen+ rCorr Str-3
                  | Dex+4} (You bought it in a shop on level 4 of the Vaults)
 46262 | Vaults:4 | Bought a potion of mutation for 128 gold pieces
 46262 | Vaults:4 | Bought a potion of curing for 48 gold pieces
 46262 | Vaults:4 | Bought a scroll of teleportation for 48 gold pieces
 46822 | Elf:1    | Entered Level 1 of the Elven Halls
 47202 | Elf:1    | Identified the Almanac of Evil Rituals
 47693 | Elf:2    | Reached skill level 17 in Fighting
 47714 | Elf:2    | Reached skill level 10 in Spellcasting
 47773 | Elf:2    | Found a runed translucent gate.
 47797 | Elf:2    | Found a runed translucent gate.
 48030 | Elf:2    | Found a runed translucent door.
 48052 | Elf:2    | Found a runed translucent door.
 48157 | Elf:2    | Found a runed translucent gate.
 48351 | Elf:2    | Found a runed translucent gate.
 48351 | Elf:2    | Found a runed translucent gate.
 48358 | Elf:2    | Found a runed translucent gate.
 48358 | Elf:2    | Noticed Kairok's ghost (adept VSMo)
 48505 | Elf:2    | Killed Kairok's ghost
 48534 | Elf:2    | Got a fine cloak
 48576 | Elf:2    | Lost mutation: You are robust. (+10% HP) [mutagenic glow]
 48664 | Elf:2    | Gained mutation: Your magical capacity is low. (-10% MP)
                  | [mutagenic glow]
 48894 | Elf:2    | Lost mutation: Your body sometimes deteriorates upon taking
                  | damage. [potion of mutation]
 48894 | Elf:2    | Lost mutation: Your magical capacity is low. (-10% MP)
                  | [potion of mutation]
 48894 | Elf:2    | Lost mutation: You are partially covered in rugged brown
                  | scales. (AC +1, +3% HP) [potion of mutation]
 48894 | Elf:2    | Lost mutation: Your spells are a little easier to cast, but
                  | a little less powerful. [potion of mutation]
 48894 | Elf:2    | Gained mutation: You can translocate small distances at
                  | will. [potion of mutation]
 48894 | Elf:2    | Gained mutation: You are weak. (Str -2) [potion of
                  | mutation]
 48894 | Elf:2    | Gained mutation: You have large cloven feet. [potion of
                  | mutation]
 48895 | Elf:2    | Lost mutation: You can translocate small distances at will.
                  | [potion of mutation]
 48895 | Elf:2    | Lost mutation: You have large cloven feet. [potion of
                  | mutation]
 48895 | Elf:2    | Lost mutation: You are weak. (Str -2) [potion of mutation]
 48895 | Elf:2    | Gained mutation: Your body sometimes deteriorates upon
                  | taking damage. [potion of mutation]
 48895 | Elf:2    | Lost mutation: Your body sometimes deteriorates upon taking
                  | damage. [potion of mutation]
 48895 | Elf:2    | Gained mutation: You are partially covered in thin metallic
                  | scales. (AC +2) [potion of mutation]
 48957 | Elf:3    | Entered Level 3 of the Elven Halls
 48960 | Elf:3    | Lost mutation: You are partially covered in thin metallic
                  | scales. (AC +2) [potion of mutation]
 48960 | Elf:3    | Gained mutation: Your body sometimes deteriorates upon
                  | taking damage. [potion of mutation]
 48960 | Elf:3    | Gained mutation: Scrolls take you a little longer to read.
                  | [potion of mutation]
 48960 | Elf:3    | Gained mutation: You occasionally shout uncontrollably at
                  | your foes. [potion of mutation]
 48960 | Elf:3    | Gained mutation: You are partially covered in yellow
                  | scales. (AC +2) [potion of mutation]
 48961 | Elf:3    | Lost mutation: Your body sometimes deteriorates upon taking
                  | damage. [potion of mutation]
 48961 | Elf:3    | Lost mutation: You occasionally shout uncontrollably at
                  | your foes. [potion of mutation]
 48961 | Elf:3    | Lost mutation: Scrolls take you a little longer to read.
                  | [potion of mutation]
 48961 | Elf:3    | Gained mutation: You tend to lose your temper in combat.
                  | [potion of mutation]
 48961 | Elf:3    | Gained mutation: Your muscles are strong. (Str +2) [potion
                  | of mutation]
 48961 | Elf:3    | Gained mutation: You are frail. (-10% HP) [potion of
                  | mutation]
 48961 | Elf:3    | Gained mutation: Your spells are a little harder to cast,
                  | but a little more powerful. [potion of mutation]
 48962 | Elf:3    | Lost mutation: You are frail. (-10% HP) [potion of
                  | mutation]
 48962 | Elf:3    | Lost mutation: Your spells are a little harder to cast, but
                  | a little more powerful. [potion of mutation]
 48962 | Elf:3    | Lost mutation: Your muscles are strong. (Str +2) [potion of
                  | mutation]
 48962 | Elf:3    | Gained mutation: Your body sometimes deteriorates upon
                  | taking damage. [potion of mutation]
 48962 | Elf:3    | Gained mutation: You are robust. (+10% HP) [potion of
                  | mutation]
 48962 | Elf:3    | Gained mutation: You have a somewhat thin skeletal
                  | structure. (Dex +2, Stealth) [potion of mutation]
 48963 | Elf:3    | Lost mutation: Your body sometimes deteriorates upon taking
                  | damage. [potion of mutation]
 48963 | Elf:3    | Lost mutation: You tend to lose your temper in combat.
                  | [potion of mutation]
 48963 | Elf:3    | Lost mutation: You have a somewhat thin skeletal structure.
                  | (Dex +2, Stealth) [potion of mutation]
 48963 | Elf:3    | Lost mutation: You are robust. (+10% HP) [potion of
                  | mutation]
 48963 | Elf:3    | Gained mutation: Your spells are a little harder to cast,
                  | but a little more powerful. [potion of mutation]
 48963 | Elf:3    | Gained mutation: You have a somewhat thin skeletal
                  | structure. (Dex +2, Stealth) [potion of mutation]
 49621 | Elf:3    | Reached XP level 22. HP: 143/145 MP: 36/36
 49632 | Elf:3    | Learned a level 6 spell: Deflect Missiles
 49640 | Elf:3    | Identified the ring "Iwnuanuidd" {Str+4 Int-3 Dex+4 Stlth-}
 50098 | Elf:3    | Reached skill level 1 in Charms
 50104 | Elf:3    | Reached skill level 1 in Air Magic
 50429 | Elf:3    | Found the +6 lightning scales {run, rElec}
 50474 | Elf:3    | Identified the +6 hand axe of Momuymo {venom, rPois Int+3
                  | Dex+3}
 50787 | Orc:1    | Bought a Grand Grimoire for 2208 gold pieces
 50797 | Orc:1    | Learned a level 7 spell: Malign Gateway
 50996 | Crypt:1  | Entered Level 1 of the Crypt
 51008 | Crypt:1  | Noticed Saint Roka
 51104 | Crypt:1  | Killed Saint Roka
 52598 | Crypt:2  | Noticed Mara
 52603 | Crypt:2  | Noticed YannR's illusion
 52611 | Crypt:2  | Killed Mara
 53028 | Crypt:2  | Reached skill level 18 in Fighting
 53696 | Crypt:3  | Entered Level 3 of the Crypt
 54514 | Crypt:3  | Found a basalt altar of Yredelemnul.
 54639 | Crypt:3  | Reached XP level 23. HP: 146/152 MP: 38/38
 54904 | Crypt:3  | Identified Poohet's Last Volume of the Archmage
 54907 | Crypt:3  | Identified Kojuqen's Handbook of Quantum Combat Magic
 55017 | Crypt:3  | Reached skill level 5 in Charms
 55176 | Crypt:3  | Found a staircase to the Tomb.
 55223 | Crypt:3  | Identified the +2 cloak of Kaorch {rElec rF+ Stlth-} (You
                  | found it on level 2 of the Elven Halls)
 56377 | Depths:1 | Entered Level 1 of the Depths
 56528 | Depths:1 | Reached skill level 5 in Air Magic
 56838 | Depths:1 | Found a gateway to Hell.
 57075 | Depths:1 | Bought a ration for 70 gold pieces
 57075 | Depths:1 | Bought a ration for 70 gold pieces
 57075 | Depths:1 | Bought a ration for 70 gold pieces
 57075 | Depths:1 | Bought a ration for 70 gold pieces
 57075 | Depths:1 | Bought a ration for 70 gold pieces
 57075 | Depths:1 | Bought a ration for 70 gold pieces
 57075 | Depths:1 | Bought a ration for 70 gold pieces
 57075 | Depths:1 | Bought a ration for 70 gold pieces
 57075 | Depths:1 | Bought a ration for 70 gold pieces
 58347 | Depths:2 | Found a runed translucent door.
 58347 | Depths:2 | Noticed a golden dragon
 58348 | Depths:2 | Found a runed translucent door.
 58349 | Depths:2 | Found a runed translucent door.
 58378 | Depths:2 | Killed a golden dragon
 58546 | Depths:2 | Found the +10 large shield of Ignorance {rN+ Int-4}
 58983 | Depths:2 | Found Poaca's Gadget Emporium.
 59160 | Depths:2 | Noticed a golden dragon
 59177 | Depths:2 | Reached XP level 24. HP: 160/160 MP: 28/39
 59360 | Depths:2 | Got a transparent graven amulet
 59363 | Depths:2 | Got a shimmering ruby amulet
 59364 | Depths:2 | Identified the amulet "Qayn Zaa" {+Rage Int+4} (You found
                  | it on level 2 of the Depths)
 59366 | Depths:2 | Identified the amulet "Yffoh" {rC+ Regen+} (You found it on
                  | level 2 of the Depths)
 59376 | Depths:2 | Got a faintly glowing jade ring
 59377 | Depths:2 | Identified the ring "Fazum" {rN+ Int+2 Slay+3} (You found
                  | it on level 2 of the Depths)
 59381 | Depths:2 | Got a heavily runed golden ring
 59382 | Depths:2 | Identified the ring of Absolutism {+Fly rF+ rC+ Int+5} (You
                  | found it on level 2 of the Depths)
 59514 | Depths:3 | Noticed Asterion
 59540 | Depths:3 | Killed Asterion
 59554 | Depths:3 | Found a one-way gate leading to the halls of Pandemonium.
 59640 | Depths:3 | Paralysed by a great orb of eyes for 6 turns
 59663 | Depths:3 | Found a flickering gateway to a bazaar.
 59672 | Bazaar   | Entered a bazaar
 59680 | Bazaar   | Found Zaubb's Jewellery Shop.
 59693 | Bazaar   | Found Moucuseo's Antique Armour Shop.
 59701 | Bazaar   | Bought a transparent helmet for 228 gold pieces
 59716 | Bazaar   | Identified the +1 helmet "Asitira" {rC+ Str-5 Int+3} (You
                  | bought it in a shop in a bazaar)
 59759 | Depths:3 | Found a shattered altar of Ashenzari.
 59911 | Depths:3 | Reached skill level 10 in Dodging
 60116 | Depths:3 | Reached skill level 19 in Fighting
 60152 | Depths:3 | Found a one-way gate to the infinite horrors of the Abyss.
 60218 | Depths:3 | Noticed Sojobo
 60450 | Depths:3 | Paralysed by you for 7 turns
 60965 | Depths:3 | Killed Sojobo
 61200 | Depths:4 | Noticed Mennas
 61229 | Depths:4 | Killed Mennas
 61687 | Depths:4 | Found Myploabrei's Jewellery Emporium.
 61687 | Depths:4 | Found Unappawyk's Gadget Boutique.
 61688 | Depths:4 | Found Puemaargh's Gadget Boutique.
 61841 | Depths:4 | Identified the +1 demon blade "Vesseaxy" {elec, +Rage rElec
                  | SInv} (You found it on level 4 of the Depths)
 62072 | Depths:4 | Got a flickering tin ring
 62073 | Depths:4 | Identified the ring of the Disturbing Shrikes {rF+ Dex+2}
                  | (You found it on level 4 of the Depths)
 62165 | Depths:4 | Identified the Collected Works on the Lucky Birds
 62450 | Depths:5 | Entered Level 5 of the Depths
 62608 | Depths:5 | Reached XP level 25. HP: 166/166 MP: 31/40
 62865 | Depths:5 | Found a gate to the Realm of Zot.
 63215 | Depths:5 | Noticed a juggernaut
 63252 | Depths:5 | Killed a juggernaut
 63270 | Depths:5 | Found a gateway to a ziggurat.
 63965 | Depths:5 | Found Doyloure's Antique Armour Shoppe.
 63969 | Depths:5 | Bought a pair of steaming gloves for 437 gold pieces
 63969 | Depths:5 | Identified the +2 pair of gloves of Ovuteukk {+Inv rN+
                  | Stlth-} (You bought it in a shop on level 5 of the Depths)
 64435 | Slime:1  | Entered Level 1 of the Pits of Slime
 64916 | Slime:1  | You are sucked into a shaft and drop 1 floor!
 65010 | Slime:1  | Gained mutation: You occasionally shout uncontrollably at
                  | your foes. [a shining eye]
 65027 | Slime:1  | Gained mutation: You are dopey. (Int -2) [a shining eye]
 65687 | Slime:3  | Noticed Dissolution
 65697 | Slime:3  | Killed Dissolution
 66078 | Slime:5  | Entered Level 5 of the Pits of Slime
 66090 | Slime:5  | Lost mutation: Your spells are a little harder to cast, but
                  | a little more powerful. [a shining eye]
 66192 | Slime:5  | Reached skill level 20 in Fighting
 66531 | Slime:5  | Gained mutation: You are frail. (-10% HP) [a shining eye]
 66604 | Slime:5  | Noticed the Royal Jelly
 66605 | Slime:5  | Found a viscous altar of Jiyva.
 66643 | Slime:5  | Noticed a juggernaut shaped Royal Jelly
 66643 | Slime:5  | the Royal Jelly changed into a juggernaut shaped Royal
                  | Jelly
 67310 | Slime:5  | Found the +3 robe of Folly {Archmagi, MR-- Int+5}
 67321 | Slime:5  | Reached skill level 10 in Charms
 67349 | Slime:5  | Killed a juggernaut shaped Royal Jelly
 67349 | Slime:5  | Reached XP level 26. HP: 156/156 MP: 25/41
 67407 | Slime:5  | Got a twitching bone ring
 67408 | Slime:5  | Identified the ring "Qolef" {rPois MP+9 Str+4 Dex+3} (You
                  | found it on level 5 of the Pits of Slime)
 67438 | Slime:5  | Got a slimy rune of Zot
 67804 | Lair:6   | Lost mutation: You are frail. (-10% HP) [potion of
                  | mutation]
 67804 | Lair:6   | Lost mutation: You occasionally shout uncontrollably at
                  | your foes. [potion of mutation]
 67804 | Lair:6   | Lost mutation: You are dopey. (Int -2) [potion of mutation]
 67804 | Lair:6   | Gained mutation: You are frail. (-10% HP) [potion of
                  | mutation]
 67804 | Lair:6   | Gained mutation: You have a pair of small antennae on your
                  | head. [potion of mutation]
 67805 | Lair:6   | Lost mutation: You are frail. (-10% HP) [potion of
                  | mutation]
 67805 | Lair:6   | Lost mutation: You have a somewhat thin skeletal structure.
                  | (Dex +2, Stealth) [potion of mutation]
 67805 | Lair:6   | Gained mutation: You expend magic power (3 MP) to
                  | strengthen your wands. [potion of mutation]
 67805 | Lair:6   | Gained mutation: Your magical capacity is low. (-10% MP)
                  | [potion of mutation]
 67805 | Lair:6   | Gained mutation: You have very sharp teeth. [potion of
                  | mutation]
 67806 | Lair:6   | Lost mutation: You have a pair of small antennae on your
                  | head. [potion of mutation]
 67806 | Lair:6   | Lost mutation: You expend magic power (3 MP) to strengthen
                  | your wands. [potion of mutation]
 67806 | Lair:6   | Lost mutation: Your magical capacity is low. (-10% MP)
                  | [potion of mutation]
 67806 | Lair:6   | Lost mutation: You have very sharp teeth. [potion of
                  | mutation]
 67806 | Lair:6   | Gained mutation: Your mind is acute. (Int +2) [potion of
                  | mutation]
 67806 | Lair:6   | Gained mutation: Your spells are a little harder to cast,
                  | but a little more powerful. [potion of mutation]
 67806 | Lair:6   | Gained mutation: Your natural rate of healing is unusually
                  | fast. [potion of mutation]
 68201 | Zot:1    | Entered Level 1 of the Realm of Zot
 68213 | Zot:1    | Learned a level 8 spell: Summon Horrible Things
 70707 | Zot:3    | Noticed an orb of fire
 70733 | Zot:3    | Killed an orb of fire
 71022 | Zot:3    | Noticed an orb of fire
 71038 | Zot:3    | Lost mutation: Your mind is acute. (Int +2) [an orb of
                  | fire]
 71044 | Zot:3    | Killed an orb of fire
 71540 | Zot:3    | Learned a level 7 spell: Monstrous Menagerie
 72251 | Orc:2    | Bought a book of the Dragon for 1350 gold pieces
 72263 | Orc:2    | Learned a level 9 spell: Dragon's Call
 72748 | Zot:4    | Reached skill level 21 in Fighting
 72775 | Zot:4    | Identified the +4 dragonskin cloak
 72775 | Zot:4    | Noticed Tiamat
 72874 | Zot:3    | Reached XP level 27. HP: 182/182 MP: 8/41
 73609 | Zot:4    | Killed Tiamat
 73769 | Zot:5    | Entered Level 5 of the Realm of Zot
 74782 | Zot:5    | Noticed an ancient lich
 74783 | Zot:5    | Noticed an orb of fire
 74785 | Zot:5    | Noticed an orb of fire
 74790 | Zot:5    | Noticed an orb of fire
 74794 | Zot:5    | Noticed an orb of fire
 74800 | Zot:5    | Banished an orb of fire
 74811 | Zot:5    | Noticed an ancient lich
 74826 | Zot:5    | Killed an ancient lich
 75004 | Zot:5    | Got a faintly glowing iron ring
 75005 | Zot:5    | Identified the ring "Kipes" {rF+ Str+4 Slay+2} (You found
                  | it on level 5 of the Realm of Zot)
 75018 | Zot:5    | Noticed an orb of fire
 75020 | Zot:5    | Gained mutation: Scrolls take you a little longer to read.
                  | [an orb of fire]
 75023 | Zot:5    | Gained mutation: Scrolls take you longer to read. [an orb
                  | of fire]
 75097 | Zot:5    | Killed an ancient lich
 75128 | Zot:5    | Killed an orb of fire
 75221 | Zot:5    | Noticed an orb of fire
 75303 | Zot:5    | Noticed an ancient lich
 75315 | Zot:5    | Killed an ancient lich
 75323 | Zot:5    | Noticed an orb of fire
 75324 | Zot:5    | Gained mutation: You are frail. (-10% HP) [an orb of fire]
 75342 | Zot:5    | Killed an orb of fire
 75463 | Zot:5    | Noticed an orb of fire
 75529 | Zot:5    | Got the Orb of Zot
 75818 | D:15     | Noticed Tog Myul the pandemonium lord
 75830 | D:15     | Killed Tog Myul the pandemonium lord
 76004 | D:5      | Noticed Blork the orc
 76007 | D:5      | Killed Blork the orc
 76199 | D:$      | Escaped with the Orb!

Levels and vault maps discovered:
D:1:      tarquinn_simple_flora_water_b, layout_basic
D:2:      layout_loops_cross, minmay_circle_x
D:3:      layout_basic, first_ration, st_stairs_7, small_statue_intersection,
          kennysheep_nondescript, uniq_terence
D:4:      minmay_general_purpose_star, layout_loops_ring,
          gup_ossuary_entry_pyramid, portal_sewer_entry_f, uniq_grinder
D:5:      layout_cave_pods, tso_metal_star, minmay_temple_entry_trees,
          grunt_qazlal_clouds, uniq_edmund, uniq_crazy_yiuf_cottage,
          uniq_blork_the_orc
D:6:      minmay_octagon_keep, layout_basic, old_standard_altar, basic_altar,
          serial_bayou, serial_bayou_lagoon_a, serial_bayou_pond_a,
          serial_bayou_lake_a, serial_bayou_ford_a, nicolae_underground_beach,
          uniq_eustachio
D:7:      layout_loops_corners, grunt_temple_overflow_open, okawaru_humans
D:8:      cheibrodos_fzero, layout_basic
D:9:      layout_long_grid, lair_entry_dummy, enter_bailey_3, uniq_gastronok
D:10:     layout_loops_ring, uniq_maurice
D:11:     layout_loops_cross, erik_orc_3, basic_altar, minmay_lindwurm_lava
D:12:     layout_loops_corners
D:13:     layout_loops_ring, serial_shops, nicolae_shop_trees
D:14:     layout_big_octagon, david_vaults_3, chequers_garden, uniq_jorgrun
D:15:     hangedman_depths_entry_try_elsewhere_first, layout_basic,
          gauntlet_entry_generic, nicolae_gozag_seed_capital, serial_shops,
          shop_statue, shop, shop, shop,
          nicolae_shop_temple_entry_statues_fountains
Temple:   regret_index_temple_waves
Lair:1:   layout_long_grid, pond, infiniplex_staircase_pool_2
Lair:2:   layout_small_grid
Lair:3:   layout_misc_corridors
Lair:4:   layout_small_grid, elwin_shoals_entry_rocks,
          minmay_snake_entry_guardpost_medium
Lair:5:   layout_loops_ring, nicolae_quartered_pool_medium, lemuel_fruit_tree
Lair:6:   evilmike_catoblepas_cave, layout_gridlike, dpeg_slime_entry_corner,
          portal_ice_cave_demonic_guard, special_room [special_room_bee],
          gammafunk_ghost_split
Shoals:1: layout_shoals, nicolae_shoals_stone_sculpture_thing,
          wheals_shoals_ruined_temple
Shoals:2: layout_shoals, uniq_polyphemus, uniq_kirke
Shoals:3: layout_shoals
Shoals:4: shoals_end_grunt_ice, layout_shoals,
          gammafunk_ghost_wrathful_warriors, uniq_bai_suzhen
Snake:1:  layout_gridlike, minmay_shoptagon, grunt_megastairs_1, uniq_agnes,
          uniq_roxanne, uniq_nikola
Snake:2:  layout_onion_interference, drop_trap, nrook_guardian_serpent_double
Snake:3:  layout_layer_cave, grunt_ministairs_15
Snake:4:  snake_pit, layout_cave_town
Slime:1:  layout_caves
Slime:2:  layout_caves
Slime:3:  layout_caves, uniq_dissolution
Slime:4:  layout_caves
Slime:5
Orc:1:    layout_diamond_mine, uniq_josephine, uniq_sonja
Orc:2:    grunt_orc_gardens, layout_caves, grunt_orc_garden, grunt_orc_garden,
          grunt_orc_garden, grunt_orc_garden
Elf:1:    layout_geoelf_octagon, minmay_elf_necromancy
Elf:2:    layout_onion_city, ploomutoo_gammafunk_ghost_potion_laboratory,
          nicolae_elf_v_pinch
Elf:3:    grunt_elf_hall_diamonds, layout_geoelf_octagon, st_stairs_10
Vaults:1: nicolae_vaults_rhombus_5, vaults_room_grunt_arrival_ludios,
          hangedman_vaults_restitches, st_cells, v_misc_8,
          nicolae_vaults_border_crossing, layout_vaults_quadrants
Vaults:2: ebering_vaults_ghost_inner_flame, v_misc_15,
          minmay_crypt_entry_necro_gods, grunt_vaults_hallway_long,
          nicolae_vaults_angled_halls, nicolae_vaults_circle_grid_b,
          ontoclasm_vaults_bender, ontoclasm_vaults_eye, ontoclasm_vaults_fault,
          vaults_dpeg_ring, grunt_vaults_hallway_short, layout_vaults_omnicross
Vaults:3: v_pattern_4, hangedman_vaults_hat, st_octagons_2, v_rooms_4,
          vaults_room_large_hall, nicolae_vaults_little_squares_6, v_misc_8,
          v_misc_10, nicolae_vaults_hallways_thing,
          nicolae_vaults_circle_grid_b, nicolae_vaults_three_branches,
          nicolae_vaults_specimen_jars, nicolae_vaults_yaktaur_gun_rack,
          nicolae_vaults_diagonal_hallway_8, v_misc_22,
          layout_vaults_maze_snakey
Vaults:4: nicolae_vaults_twisting_passages, v_misc_2,
          vaults_standard_mumra_enter_the_diamond, hangedman_vaults_river_flow,
          nicolae_vaults_gold_heap, nicolae_vaults_network_square,
          dpeg_vaults_monster_box, nicolae_vaults_little_squares_3,
          layout_vaults_chaotic_city, serial_shops, nicolae_shop_crystal
Crypt:1:  layout_rooms, grunt_crypt_arrival_guarded_gate, uniq_saint_roka
Crypt:2:  layout_misc_corridors, hex_large, uniq_mara
Crypt:3:  evilmike_haunted_forest
Depths:1: hangedman_elemental_death_ray, layout_basic, pf_hell_entry_tar_river,
          kennysheep_minor_cross, serial_bayou_crossing
Depths:2: minmay_the_grid_triangle_9x9_rhombus_full
          [minmay_the_grid_triangle_9x9_limited_checkers,
          minmay_the_grid_triangle_9x9_zippers_horizontal,
          minmay_the_grid_triangle_9x9_corrupted_corridor,
          minmay_the_grid_triangle_9x9_minimal,
          minmay_the_grid_triangle_9x9_fully_insulated_deathbox,
          minmay_the_grid_triangle_9x9_corruption,
          minmay_the_grid_triangle_9x9_pentomino_pain,
          minmay_the_grid_triangle_9x9_prize_special], layout_basic,
          serial_bayou_pond_a, hell_entry, serial_shops, kennysheep_mini,
          minmay_misc_feat_tiny, infiniplex_staircase_zigzag_3
Depths:3: gammafunk_mikee_crab_dinner, layout_gridville, serial_shops,
          bzr_firewalk, pan_entry, nicolae_ashenzari_panopticon, abyss_entry,
          hell_entry, skrybe_limestone_x, uniq_sojobo, uniq_asterion
Depths:4: evilmike_lava_path, layout_cave_pools, hellmouth_1,
          hangedman_abyss_entry_splay, minmay_starry_boxes, grunt_megastairs_3,
          minmay_staircase_windowed_large, minmay_shop_grove, uniq_mennas
Depths:5: grunt_zot_entry_gee_three, layout_basic, enter_ziggurat_f,
          grunt_hell_entry_dis_old, serial_shops, shop, minmay_room_of_horrors
Zot:1:    layout_gridlike, amethyst_zot_foddershock
Zot:2:    layout_basic
Zot:3:    layout_onion_interference
Zot:4:    layout_twisted_circle, grunt_ministairs_1, uniq_tiamat
Zot:5:    layout_concentric_octagons, bh_zot_ikea_curve

Skill      XL: |  1  2  3  4  5  6  7  8  9 10 11 12 13 14 15 16 17 18 19 20 21 22 23 24 25 26 27 |
---------------+----------------------------------------------------------------------------------+-----
Fighting       | 1 2 3 4 5 7 8 9 10 11 13 14 15 16 17 18 19 20 21 | 21.4
Summonings     | 4 5 6 7 8 9 10 11 12 13 14 15 16 17 18 19 20 | 20.3
Maces & Flails | 1 2 3 4 |  4.1
Spellcasting   | 3 4 5 6 7 8 9 10 11 12 13 14 | 14.6
Armour         | 1 3 5 6 8 9 10 12 | 12.5
Polearms       | 2 3 5 6 7 8 |  8.9
Dodging        | 2 3 5 6 7 9 10 11 12 13 | 13.3
Shields        | 1 4 5 8 10 12 14 15 | 15.0
Long Blades    | 7 10 12 13 14 | 14.0
Translocations | 4 7 |  7.4
Hexes          | 2 5 7 |  7.6
Charms         | 4 6 8 10 | 10.0
Air Magic      | 4 6 7 9 |  9.1
Stealth        | |  2.1

Action                   |  1- 3 |  4- 6 |  7- 9 | 10-12 | 13-15 | 16-18 | 19-21 | 22-24 | 25-27 || total
-------------------------+-------+-------+-------+-------+-------+-------+-------+-------+-------++-------
Melee: Unarmed           |    26 |       |       |       |       |       |       |       |       ||    26
       Whip              |   102 |   128 |       |       |       |       |       |       |       ||   230
       Flail             |       |    31 |    34 |       |       |       |       |       |       ||    65
       Morningstar       |       |     6 |    53 |       |       |       |       |       |       ||    59
       Mace              |       |       |    18 |       |       |       |       |       |       ||    18
       Trident           |       |       |   210 |   770 |   729 |       |       |       |       ||  1709
       Demon blade       |       |       |       |       |  1441 |  2327 |  2337 |  3395 |  2669 || 12169
Throw: Dart              |     2 |       |       |     7 |       |       |       |       |       ||     9
       Stone             |     2 |       |       |       |       |       |       |       |       ||     2
 Cast: Summon Small Mamm |    35 |     2 |     1 |       |       |       |       |       |       ||    38
       Call Imp          |    27 |    23 |    26 |    56 |     4 |       |       |       |       ||   136
       Call Canine Famil |       |     9 |    30 |    47 |    48 |    33 |     8 |       |       ||   175
       Summon Ice Beast  |       |       |       |       |    35 |       |       |       |       ||    35
       Summon Mana Viper |       |       |       |       |       |     2 |    38 |    55 |    27 ||   122
       Blink             |       |       |       |       |       |     1 |       |       |    10 ||    11
       Shadow Creatures  |       |       |       |       |       |    19 |    24 |    34 |    38 ||   115
       Malign Gateway    |       |       |       |       |       |       |       |     3 |    13 ||    16
       Summon Butterflie |       |       |       |       |       |       |       |     1 |       ||     1
       Passage of Golubr |       |       |       |       |       |       |       |     1 |       ||     1
       Deflect Missiles  |       |       |       |       |       |       |       |       |     8 ||     8
       Summon Horrible T |       |       |       |       |       |       |       |       |    29 ||    29
       Monstrous Menager |       |       |       |       |       |       |       |       |     7 ||     7
Invok: Call Merchant     |       |       |     1 |     1 |     2 |       |     2 |     2 |       ||     8
       Potion Petition   |       |       |       |       |       |       |       |     1 |       ||     1
       Bribe Branch      |       |       |       |       |       |       |       |       |     2 ||     2
 Abil: Fly               |       |       |       |       |       |     1 |       |     3 |       ||     4
       Stop Flying       |       |       |       |       |       |       |     1 |     2 |       ||     3
Evoke: Wand              |       |     6 |     2 |    21 |     8 |     1 |       |     3 |     2 ||    43
       Lamp of fire      |       |       |       |       |     1 |       |       |     3 |       ||     4
  Use: Scroll            |       |     5 |    11 |    10 |    14 |     8 |    21 |    19 |    16 ||   104
       Potion            |       |     4 |     1 |     2 |     5 |     3 |     9 |     6 |    13 ||    43
 Stab: Sleeping          |     2 |     2 |     7 |     6 |       |     3 |       |     3 |       ||    23
       Distracted        |     1 |       |     4 |     8 |    22 |    42 |    16 |    32 |    37 ||   162
       Confused          |       |       |       |     1 |       |       |       |       |       ||     1
       Petrified         |       |       |       |       |       |    16 |       |     3 |       ||    19
       Fleeing           |       |       |       |       |       |     1 |       |       |       ||     1
       Invisible         |       |       |       |       |       |       |    10 |     3 |       ||    13
       Paralysed         |       |       |       |       |       |       |       |     2 |       ||     2
       Petrifying        |       |       |       |       |       |       |       |     1 |       ||     1
  Eat: Chunk             |     8 |     9 |     6 |       |       |       |       |       |       ||    23
       Ration            |       |       |     5 |    10 |    14 |    11 |    15 |    18 |    24 ||    97
Armor: Robe              |    69 |    63 |     4 |       |       |       |       |       |       ||   136
       Skin              |       |     9 |       |       |       |       |       |       |       ||     9
       Ring mail         |       |       |   122 |       |       |       |       |       |       ||   122
       Scale mail        |       |       |    44 |    87 |       |       |       |       |       ||   131
       Fire dragon scale |       |       |       |   320 |  1444 |   547 |   433 |   247 |       ||  2991
       Quicksilver drago |       |       |       |       |       |       |       |   513 |   652 ||  1165
Dodge: Dodged            |   103 |   120 |   145 |   285 |   780 |   607 |   555 |  1156 |  1072 ||  4823
       Deflected         |       |       |       |       |       |       |       |       |    73 ||    73
Block: Buckler           |       |       |       |     3 |   333 |       |       |       |       ||   336
       Shield            |       |       |       |       |    85 |  1967 |  1625 |  2802 |  2183 ||  8662
       Reflection        |       |       |       |       |     9 |   188 |   108 |    74 |    30 ||   409
       Rpst.: Demon blade |       |       |       |       |   144 |   105 |    91 |   182 |   147 ||   669

Table legend:
 A = Non-vault XP
 B = Vault XP
 C = Vault XP percentage of total XP
 D = Non-vault monster count
 E = Vault monster count
 F = Vault count percentage of total count
                 A         B        C        D         E       F
            +---------+---------+-------+---------+---------+-------
      Total |  791796 |  552421 |  41.1 |    1667 |     835 |  33.4
            +---------+---------+-------+---------+---------+-------
        D:1 |      43 |       0 |   0.0 |      34 |       0 |   0.0
        D:2 |     116 |       9 |   7.2 |      27 |       6 |  18.2
        D:3 |      91 |      26 |  22.2 |      25 |       2 |   7.4
        D:4 |     221 |     464 |  67.7 |      14 |      11 |  44.0
        D:5 |     747 |      87 |  10.4 |      19 |       1 |   5.0
        D:6 |     336 |     639 |  65.5 |       8 |      14 |  63.6
        D:7 |    1064 |     404 |  27.5 |      20 |       2 |   9.1
        D:8 |    1867 |    1574 |  45.7 |      36 |      11 |  23.4
        D:9 |    1920 |    1547 |  44.6 |      14 |       5 |  26.3
       D:10 |    2384 |     488 |  17.0 |      22 |       1 |   4.3
       D:11 |    4228 |    3027 |  41.7 |      28 |      22 |  44.0
       D:12 |    5399 |       0 |   0.0 |      41 |       0 |   0.0
       D:13 |   10130 |    5202 |  33.9 |      49 |      16 |  24.6
       D:14 |   12272 |    3114 |  20.2 |      45 |       5 |  10.0
       D:15 |    7931 |    1187 |  13.0 |      20 |       3 |  13.0
     Lair:1 |    2101 |    1113 |  34.6 |      12 |       8 |  40.0
     Lair:2 |     605 |       0 |   0.0 |       5 |       0 |   0.0
     Lair:3 |    3908 |       0 |   0.0 |      17 |       0 |   0.0
     Lair:4 |    2017 |     623 |  23.6 |       8 |       4 |  33.3
     Lair:5 |    6857 |     293 |   4.1 |      25 |       1 |   3.8
     Lair:6 |   11724 |   16431 |  58.4 |      46 |      52 |  53.1
   Shoals:1 |    9839 |    3702 |  27.3 |      23 |       3 |  11.5
   Shoals:2 |   13507 |    6663 |  33.0 |      26 |      11 |  29.7
   Shoals:3 |   15877 |       0 |   0.0 |      37 |       0 |   0.0
   Shoals:4 |   16727 |   28242 |  62.8 |      37 |      36 |  49.3
    Snake:1 |   21560 |    6207 |  22.4 |      46 |       6 |  11.5
    Snake:2 |   29491 |     935 |   3.1 |      54 |       2 |   3.6
    Snake:3 |   21978 |     977 |   4.3 |      41 |       2 |   4.7
    Snake:4 |    4691 |   24836 |  84.1 |      10 |      43 |  81.1
    Slime:1 |   16898 |       0 |   0.0 |      30 |       0 |   0.0
    Slime:2 |   11494 |       0 |   0.0 |      27 |       0 |   0.0
    Slime:3 |    5951 |    7928 |  57.1 |       9 |       1 |  10.0
    Slime:4 |    5227 |       0 |   0.0 |      20 |       0 |   0.0
    Slime:5 |   11747 |   19740 |  62.7 |      29 |      15 |  34.1
      Orc:1 |    4303 |    7098 |  62.3 |      59 |      21 |  26.2
      Orc:2 |    2462 |    3175 |  56.3 |      18 |      11 |  37.9
      Elf:1 |   13258 |    4396 |  24.9 |      23 |      10 |  30.3
      Elf:2 |    7052 |   20602 |  74.5 |      13 |      26 |  66.7
      Elf:3 |   30925 |   29308 |  48.7 |      53 |      28 |  34.6
   Vaults:1 |   26103 |   20382 |  43.8 |      56 |      34 |  37.8
   Vaults:2 |   18386 |    7042 |  27.7 |      37 |       5 |  11.9
   Vaults:3 |   36337 |   35624 |  49.5 |      69 |      42 |  37.8
   Vaults:4 |   20284 |    3767 |  15.7 |      29 |       9 |  23.7
    Crypt:1 |   28415 |    6559 |  18.8 |      47 |      16 |  25.4
    Crypt:2 |   16147 |    5308 |  24.7 |      34 |       1 |   2.9
    Crypt:3 |       0 |   66435 | 100.0 |       0 |     107 | 100.0
   Depths:1 |   13706 |    8660 |  38.7 |      23 |      17 |  42.5
   Depths:2 |   45492 |   31219 |  40.7 |      67 |      23 |  25.6
   Depths:3 |   23335 |   15972 |  40.6 |      30 |      18 |  37.5
   Depths:4 |   20707 |   41420 |  66.7 |      32 |      28 |  46.7
   Depths:5 |   50291 |   32369 |  39.2 |      50 |      33 |  39.8
      Zot:1 |   19006 |    9203 |  32.6 |      16 |       5 |  23.8
      Zot:2 |   64837 |       0 |   0.0 |      46 |       0 |   0.0
      Zot:3 |   37326 |    1274 |   3.3 |      22 |       1 |   4.3
      Zot:4 |   24669 |   15935 |  39.2 |      18 |      12 |  40.0
      Zot:5 |   27807 |   32850 |  54.2 |      21 |      14 |  40.0
     Bailey |       0 |    1492 | 100.0 |       0 |      22 | 100.0
      IceCv |       0 |   12834 | 100.0 |       0 |      54 | 100.0
   Gauntlet |       0 |    4039 | 100.0 |       0 |      15 | 100.0
            +---------+---------+-------+---------+---------+-------
